 Dungeon Crawl Stone Soup version 0.31-a0-1074-g0b22e4e0f1 (webtiles) character file.

Game seed: 8132990732655053066

651 cowhearter the Ruffian (level 7, -3/47 HPs)
             Began as an Octopode Shapeshifter on Nov 26, 2023.
             Was an Initiate of Dithmenos.
             Slain by an ogre
             ... wielding a +0 giant spiked club
              (13 damage)
             ... on level 5 of the Dungeon.
             The game lasted 00:10:09 (4545 turns).

cowhearter the Ruffian (Octopode Shapeshifter)      Turns: 4545, Time: 00:10:10

Health: -3/47      AC:  5    Str: 15    XL:     7   Next: 53%
Magic:  7/7        EV: 13    Int: 13    God:    Dithmenos [......]
Gold:   274        SH:  0    Dex: 11    Spells: 6/6 levels left

rFire   . .          .
                       - Unarmed
rCold   . . .        (no shield)
rNeg    . . .        (helmet currently unavailable)
rPois   .            (no amulet)
rElec   .            n - +4 ring of protection
rCorr   .            (no ring)
SInv    .            (no ring)
Will    .....        (no ring)
Stlth   +++          (no ring)
HPRegen 0.27/turn    (no ring)
MPRegen 0.10/turn    (no ring)
                     (no ring)

%: no passive effects
@: beast-form
A: beast (slay +2), almost no armour, amphibious, 8 rings, camouflage 1,
gelatinous body 1, (nimble swimmer 1), tentacles
a: Begin Untransformation, Renounce Religion


You were on level 5 of the Dungeon.
You worshipped Dithmenos.
Dithmenos was noncommittal.
You were a hulking beast.
You visited 1 branch of the dungeon, and saw 5 of its levels.

You collected 274 gold pieces.

Inventory:

Hand Weapons
 l - the +6 mace "Pogg" {spect, rC++}
   (You found it on level 2 of the Dungeon)

   rC++:      It greatly protects you from cold.
 u - the +6 whip of the Powerful God {heavy, *Corrode +Blink Dex+6}
   (You found it on level 4 of the Dungeon)

   Dex+6:     It affects your dexterity (+6).
   +Blink:    It lets you blink.
   *Corrode:  It may corrode you when you take damage.
Armour
 t - an orb of guile
Jewellery
 n - a +4 ring of protection (left tentacle)
 x - a ring of fire
Talismans
 b - a beast talisman (active)
 c - a flux talisman
 o - a flux talisman
Wands
 w - a wand of flame (11)
Scrolls
 d - a scroll of fog {unknown}
 e - a scroll of enchant weapon {unknown}
 g - 2 scrolls of silence {unknown}
 h - 2 scrolls of poison {unknown}
 j - 2 scrolls of teleportation {unknown}
 k - 3 scrolls of amnesia {unknown}
 p - 2 scrolls of identify {unknown}
 q - a scroll of torment {unknown}
 v - a scroll of immolation {unknown}
Potions
 a - a potion of lignification
 f - a potion of brilliance {unknown}
 i - 2 potions of curing {unknown}
 m - 2 potions of might {unknown}
 r - a potion of degeneration {unknown}
 s - a potion of magic {unknown}
 z - a potion of enlightenment {unknown}


   Skills:
 * Level 3.7 Fighting
 + Level 3.0 Dodging
 - Level 3.4 Stealth
 + Level 5.6 Unarmed Combat
 * Level 4.4 Shapeshifting


You had 6 spell levels left.
You didn't know any spells.
Your spell library contained the following spells:

 Spells                   Type           Power      Damage    Failure   Level
 Dazzling Flash           Conj/Hex       0%         N/A       67%         3
 Ignite Poison            Fire/Tmut/Pois 0%         N/A       67%         3
 Summon Guardian Golem    Hex/Summ       0%         N/A       67%         3
 Leda's Liquefaction      Hex/Erth       0%         N/A       97%         4
 Sticky Flame             Conj/Fire      0%         2d3       97%         4
 Freezing Cloud           Conj/Ice/Air   0%         6-21      100%        5
 Ignition                 Fire           0%         3d3       100%        8


Dungeon Overview and Level Annotations

Branches:
Dungeon (5/15)             Temple (0/1) D:5

Altars:
Dithmenos
Makhleb
Ru
Trog
Yredelemnul
The Shining One


Innate Abilities, Weirdness & Mutations

You are a hulking beast.
Your limbs bulge with bestial killing power. (Slay +2)
You cannot wear most types of armour.
You are amphibious.
You can wear up to eight rings at the same time.
Your skin changes colour to match your surroundings (Stealth+).
Your rubbery body absorbs attacks. (AC +1, EV +1)
((You are camouflaged when in or above water. (Stealth+)))
You have tentacles for arms and can constrict up to eight enemies at once.


Message History

The quokka is severely wounded.
The quokka barely misses you.
You tentacle-slap the quokka.
You kill the quokka!
Dithmenos accepts your kill.
You hear the brisk rusting of a distant drain.
Found a yellow potion.
An adder comes into view.
z - a yellow potion The adder hisses angrily.
Found a scroll labelled JACEUF IRUTH.
You closely miss the adder. Your grab misses the adder.
The adder bites you but does no damage.
You tentacle-slap the adder. Your grab misses the adder. You squeeze the adder!
You kill the adder!
Dithmenos accepts your kill.
An orc and an ogre come into view.
An orc wizard comes into view. It is wielding a +0 dagger.
The orc shouts!
The ogre shouts!
You hear a shout! x2
The orc hits you but does no damage.
You barely miss the orc. You grab the orc. You squeeze the orc.
The orc is moderately wounded.
You constrict the orc. The orc misses you.
You bludgeon the orc!
You kill the orc!
Dithmenos accepts your kill.
You closely miss the ogre. You squeeze the ogre!
The ogre is heavily wounded.
The ogre hits you with a +0 giant spiked club!!
Ouch! That really hurt!
You barely miss the ogre. You squeeze the ogre.
The ogre is severely wounded.
The ogre hits you with a +0 giant spiked club!
* * * LOW HITPOINT WARNING * * *
You tentacle-slap the ogre. Your squeeze misses the ogre.
The ogre is severely wounded.
You tentacle-slap the ogre.
The ogre is almost dead.
The ogre hits you with a +0 giant spiked club!
You die...

..#.#.#.#.#.#.#
#.##
###.#.#.#.#.#.##
#.# ##.#.#.#.#.#.#
#.#
#.#.#.#.#.#.#####.#
##.#.#.#.#.#......#
..#.#.#.#.#.#.....#
##.#.#o#.#.#......#
#.#.#O#.#.#....##
#.#.#h#.#.....#
#.#.#.#.#.#....#
#..............#
#..............#
#..............#
#..............#
#......?..######
#.........#
###########


You could see an ogre and an orc wizard.

Vanquished Creatures
  A black bear (D:5)
  2 scorpions (D:5)
  3 hounds (D:5)
  2 orc priests
  A jelly (D:4)
  Terence (D:2)
  3 orc wizards
  9 adders
  A dart slug (D:4)
  9 orcs
  11 ball pythons
  4 endoplasms
  4 giant cockroaches
  4 goblins
  6 hobgoblins
  4 jackals (D:2)
  6 kobolds
  5 quokkas
  5 bats
  2 frilled lizards
  3 rats
86 creatures vanquished.

Notes
Turn   | Place    | Note
-------+----------+-------------------------------------------
     0 | D:1      | cowhearter the Octopode Shapeshifter began the quest for
                  | the Orb.
     0 | D:1      | Reached XP level 1. HP: 13/13 MP: 1/1
   225 | D:1      | Reached XP level 2. HP: 18/18 MP: 2/2
   289 | D:1      | Found a faded altar of an unknown god.
   610 | D:2      | Reached XP level 3. HP: 23/23 MP: 3/3
   622 | D:2      | Reached skill level 1 in Stealth
   931 | D:2      | Identified the +6 mace "Pogg" {spect, rC++}
   939 | D:2      | Noticed Terence
   949 | D:2      | Killed Terence
   950 | D:2      | Reached XP level 4. HP: 19/29 MP: 4/4
  2013 | D:3      | Got the Vellum of Fey Frostbite
  2245 | D:3      | Reached XP level 5. HP: 20/34 MP: 5/5
  2730 | D:3      | Found a sacrificial altar of Ru.
  2840 | D:3      | Found a burning altar of Makhleb.
  2860 | D:3      | Found a bloodstained altar of Trog.
  3162 | D:4      | Reached skill level 4 in Unarmed Combat
  3293 | D:4      | Reached XP level 6. HP: 36/41 MP: 6/6
  3355 | D:4      | Found a shadowy altar of Dithmenos.
  3364 | D:4      | Became a worshipper of Dithmenos the Shadowed
  3404 | D:4      | Identified the +6 whip of the Powerful God {heavy, *Corrode
                  | +Blink Dex+6}
  4243 | D:5      | Entered Level 5 of the Dungeon
  4395 | D:5      | Found a staircase to the Ecumenical Temple.
  4400 | D:5      | Reached skill level 5 in Unarmed Combat
  4407 | D:5      | Reached XP level 7. HP: 43/46 MP: 7/7
  4466 | D:5      | Found a basalt altar of Yredelemnul.
  4468 | D:5      | Noticed a profane servitor
  4481 | D:5      | Found a glowing golden altar of the Shining One.
  4545 | D:5      | Slain by an ogre

Illustrated notes

Levels and vault maps discovered:
D:1:      dpeg_arrival_tiny_a, layout_rooms, serial_forest,
          infiniplex_forest_clump_small, infiniplex_forest_lined_corner,
          infiniplex_forest_lined_room_2, infiniplex_forest_straight_2,
          infiniplex_forest_clump_small, infiniplex_forest_straight_3,
          infiniplex_forest_straight_5, infiniplex_forest_diagonal,
          shapermc_ecumenical_altar_mp_urbaneastern, chequers_mini_garden
D:2:      layout_loops_ring, grunt_ministairs_15, uniq_terence
D:3:      layout_basic, mainiacjoe_overflow_six_doors_small,
          mainiacjoe_overflow_large_starburst
D:4:      layout_layer_cave, mainiacjoe_overflow_24_doors
D:5:      layout_rooms, grunt_temple_overflow_holy_war,
          minmay_temple_entry_proselytizer, gup_sewer_entry_bowl, minivault_23,
          uniq_ijyb

Skill      XL: |  1  2  3  4  5  6  7 |
---------------+----------------------+-----
Stealth        | 2 3 |  3.4
Fighting       | 2 3 |  3.7
Unarmed Combat | 4 5 |  5.6
Shapeshifting  | 4 |  4.4
Dodging        | 3 |  3.0

Action                     |  1- 3 |  4- 6 |  7- 9 || total
---------------------------+-------+-------+-------++-------
  Melee: Unarmed           |    59 |    84 |    20 ||   163
         Tentacles         |    15 |    23 |     7 ||    45
         Constrict         |    14 |    24 |     3 ||    41
         Punch             |     1 |     5 |       ||     6
   Stab: Sleeping          |    10 |    20 |       ||    30
 Armour: Skin              |    22 |    32 |    14 ||    68
  Dodge: Dodged            |    37 |    34 |     6 ||    77
   Form: Beast             |     1 |       |       ||     1

Table legend: (Time is in decaauts)
 A = Elapsed time spent in this place.
 B = Non-inter-level travel time spent in this place.
 C = Inter-level travel time spent in this place.
 D = Time resting spent in this place.
 E = Time spent auto-exploring this place.
 F = Levels seen in this place.
 G = Mean time per level.
                   A        B        C        D        E       F      G
               +--------+--------+--------+--------+--------+-----+--------+
         Total |   4532 |   4429 |    103 |    903 |   2754 |   5 |  906.4 |
       Dungeon |   4532 |   4429 |    103 |    903 |   2754 |   5 |  906.4 |
               +--------+--------+--------+--------+--------+-----+--------+

Top non-repeatable levels by time:
     D:2: 1390 daAuts
     D:4: 1250 daAuts
     D:3: 1101 daAuts
     D:1: 603 daAuts
     D:5: 186 daAuts
